 Dungeon Crawl Stone Soup version 0.31.0-11-ge490571c62 (webtiles) character file.

Game seed: 10139959692372529926

28 qw the Shooter (level 3, 0/18 HPs)
             Began as a Spriggan Hunter on Feb 3, 2024.
             Succumbed to their own poison gas
             ... on level 2 of the Dungeon.
             The game lasted 00:00:19 (1589 turns).

qw the Shooter (Spriggan Hunter)                    Turns: 1589, Time: 00:00:21

Health: 0/18       AC:  2    Str:  7    XL:     3   Next: 0%
Magic:  4/4        EV: 19    Int: 10    God:
Gold:   70         SH:  0    Dex: 20    Spells: 2/2 levels left

rFire   . . .        a - +0 shortbow
rCold   . . .        (shield currently unavailable)
rNeg    . . .        c - +0 robe
rPois   .            (helmet restricted)
rElec   .            (no cloak)
rCorr   .            (gloves unavailable)
SInv    +            (boots unavailable)
Will    .....        (no amulet)
Stlth   +            (no ring)
HPRegen 0.23/turn    (no ring)
MPRegen 0.09/turn

%: no passive effects
@: lethally poisoned (0 -> -8), attractive, slow
A: very small, no large weapons, unfitting armour, see invisible, speed 3
a: no special abilities


You were on level 2 of the Dungeon.
You visited 1 branch of the dungeon, and saw 2 of its levels.

You collected 114 gold pieces.
You spent 44 gold pieces at shops.


Innate Abilities, Weirdness & Mutations

You are very small and have problems with some larger weapons.
You are too small for most types of armour.
You have supernaturally acute eyesight. (SInv)
You cover ground extremely quickly. (Speed+++)


   Skills:
 - Level 1.5 Fighting
 + Level 4.4 Ranged Weapons
 - Level 4.0 Dodging
 - Level 1.5 Stealth


You had 2 spell levels left.
You didn't know any spells.
Your spell library was empty.

Inventory:

Hand Weapons
 a - a +0 shortbow (weapon)
Armour
 c - a +0 robe (worn)
Potions
 b - a potion of mutation
 g - a potion of degeneration {unknown}
 h - a potion of heal wounds {unknown}

Dungeon Overview and Level Annotations

Branches:
Dungeon (2/15)

Altars:
Nemelex Xobeh

Shops:
D:2 *


Message History

It was a scroll of poison.
Partly explored, can't reach some places.
1581 ||| READING 3 scrolls labelled COXIEG BOSOASS.
As you read the scroll labelled COXIEG BOSOASS, it crumbles to dust.
The air around you briefly surges with heat, but it dissipates.
It was a scroll of immolation.
Partly explored, can't reach some places.
1582 ||| DRINKING 2 golden potions.
It was a potion of attraction.
You feel attractive to monsters.
Partly explored, can't reach some places.
1583 ||| DROPPING potion of attraction.
You drop a potion of attraction.
You hear a splash.
Partly explored, can't reach some places.
1584 ||| DROPPING 2 scrolls of immolation.
You drop 2 scrolls of immolation.
You hear a splash.
Partly explored, can't reach some places.
What level of the Dungeon? (default 2, ? - help) Sorry, I don't know how to get there.
Enter note:
Enter note:
Enter note:
Enter note:
Enter note:
Enter note:
Enter note:
Enter note:
Enter note: You are engulfed in poison gas.
You are lethally poisoned!
You feel extremely sick.
1586 ||| Stepping ~*~*~tactically~*~*~ (cloud).
You feel very sick.
Things that are here:
2 scrolls of immolation; a potion of attraction
There is a lethal amount of poison in your body!
You feel very sick.
There is a lethal amount of poison in your body!
You feel very sick.
There is a lethal amount of poison in your body!
You die...

#%# ###...~~~~~#.# #.......
#####.# #...#0¤000¤#.#####.......
...##.###.###¤¤0¤¤0#.####........
#....#....###0¤¤¤¤¤..###........#
#..##.#######000¤¤#######......##
#..##.# ####¤¤¤0¤0##~~~##.....#
...##.#######¤¤¤0¤¤¤##~~*#....##
.........####000¤¤00¤#~###...####
...##.#..00¤¤¤¤0@¤¤¤¤0¤##........
...##....########################
#.###.....########.#########.....
#.###......>%......#####.....###.
#.........##############.###.###.
#####.....############...........
# ##.##.############.#.#..###.. #
#.##.############.#.#..#.#..
#.##.# #........###..#.#..


There were no monsters in sight!

Vanquished Creatures
  A dart slug (D:1)
  2 bats (D:2)
  An endoplasm (D:1)
  A giant cockroach (D:1)
  2 goblins
  3 hobgoblins
  3 jackals (D:2)
  A quokka (D:1)
  3 ball pythons
  3 frilled lizards
  2 kobolds
  4 rats (D:1)
26 creatures vanquished.

Notes
Turn   | Place    | Note
-------+----------+-------------------------------------------
     0 | D:1      | qw the Spriggan Hunter began the quest for the Orb.
     0 | D:1      | Reached XP level 1. HP: 10/10 MP: 2/2
     0 | D:1      | 0 ||| qw: Version: 0.3-a-155-g5e7d8dd
     0 | D:1      | 0 ||| qw: Game counter: 3398
     0 | D:1      | 0 ||| qw: Melee chars always use a shield: true
     0 | D:1      | 0 ||| qw: God list: Okawaru
     0 | D:1      | 0 ||| qw: Allow faded altars: false
     0 | D:1      | 0 ||| qw: Do Orc after clearing Dungeon:15 true
     0 | D:1      | 0 ||| qw: Do second Lair branch before Depths: true
     0 | D:1      | 0 ||| qw: Lair rune preference: random
     0 | D:1      | 0 ||| qw: Goals: Normal
     0 | D:1      | 0 ||| PLANNING D:1-11
    94 | D:1      | Reached skill level 3 in Dodging
   272 | D:1      | Reached XP level 2. HP: 14/14 MP: 3/3
   860 | D:1      | 860 ||| READING scroll labelled HALUAL COFUNNI.
   860 | D:1      | 860 ||| IDENTIFYING murky clear potion
   861 | D:1      | 861 ||| DROPPING scroll of butterflies.
   862 | D:1      | 862 ||| DROPPING potion of lignification.
   978 | D:2      | Found a faded altar of an unknown god.
   989 | D:2      | Found Virghasho's Assorted Antiques.
   998 | D:2      | 998 ||| BUYING scroll labelled AHAJOXKEHO (22 gold).
   998 | D:2      | Bought a scroll labelled AHAJOXKEHO for 22 gold pieces
   998 | D:2      | 998 ||| BUYING scroll labelled WUSITI IFEILOT (22 gold).
   998 | D:2      | Bought a scroll labelled WUSITI IFEILOT for 22 gold pieces
   998 | D:2      | 998 ||| SHOPLISTING scroll of identify (44 gold, have 5).
   998 | D:2      | 998 ||| SHOPLISTING tourmaline ring (110 gold, have 5).
   998 | D:2      | 998 ||| SHOPLISTING viscous yellow potion (19 gold, have
                  | 5).
  1189 | D:2      | Found a sparkling altar of Nemelex Xobeh.
  1445 | D:2      | Reached XP level 3. HP: 18/18 MP: 4/4
  1578 | D:2      | 1578 ||| READING scroll of identify.
  1578 | D:2      | 1578 ||| IDENTIFYING viscous yellow potion
  1579 | D:2      | 1579 ||| READING scroll labelled AHAJOXKEHO.
  1580 | D:2      | 1580 ||| READING scroll labelled WUSITI IFEILOT.
  1581 | D:2      | 1581 ||| READING 3 scrolls labelled COXIEG BOSOASS.
  1582 | D:2      | 1582 ||| DRINKING 2 golden potions.
  1583 | D:2      | 1583 ||| DROPPING potion of attraction.
  1584 | D:2      | 1584 ||| DROPPING 2 scrolls of immolation.
  1586 | D:2      | 1586 ||| Stepping ~*~*~tactically~*~*~ (cloud).
  1587 | D:2      | HP: 4/18 [poisoned by you (poison gas)]
  1588 | D:2      | HP: 1/18 [poisoned by you (poison gas)]
  1589 | D:2      | Succumbed to their own poison gas

Levels and vault maps discovered:
D:1:      wheals_arrival_linesprint, layout_basic
D:2:      layout_loops_ring, basic_ecumenical_altar, basic_altar, serial_shops,
          nicolae_shop_just_a_little_nook, minivault_19,
          minmay_misc_feat_nine_boxes, chequers_serial_rivers_large_a

Skill      XL: |  1  2 |
---------------+-------+-----
Dodging        | 3 4 |  4.0
Fighting       | |  1.5
Ranged Weapons | |  4.4
Stealth        | |  1.5

Action                     || total
---------------------------++-------
   Fire: Shortbow          ||    64
    Use: Scroll            ||     5
         Potion            ||     1
 Armour: Robe              ||     3
  Dodge: Dodged            ||     6

Table legend:
 A = Non-vault XP
 B = Vault XP
 C = Vault XP percentage of total XP
 D = Non-vault monster count
 E = Vault monster count
 F = Vault count percentage of total count
                 A         B        C        D         E       F
            +---------+---------+-------+---------+---------+-------
      Total |      41 |       0 |   0.0 |      26 |       0 |   0.0
            +---------+---------+-------+---------+---------+-------
        D:1 |      25 |       0 |   0.0 |      16 |       0 |   0.0
        D:2 |      16 |       0 |   0.0 |      10 |       0 |   0.0
            +---------+---------+-------+---------+---------+-------
